← All builds
Pond / Armada / Economy first / OBSERVED BUILD

Fatboy buy

Armada Pond build order · Supreme Isthmus

Pond funds Tech to produce a Fatboy from 5:04 and gets it delivered by Hephaestus to push the front early.

#team support #push · 457 distinct matches · 112 players · 25% of Armada Pond games · team won 48% of 494 · Recently observed

THE CATCH, AND WHAT COMES WITH IT
  • FatboyFatboy from Tech arrives 5:04 · 21% of role by thenTech makes it and hands it over.
  • HephaestusHeavy transport from an ally in 80%21% of all Pond games by then

Paid for by sending allies about 1,100 metal and 13,000 energy by 5:00; standard pond sends 0 metal and 9,000 energy.

Where those units first fight, in 464 games with kill data: in the middle 86%, on their own side 14%.

Those units destroy a typical 2,928 metal of enemy units by 15:00.

Then transitions into tick (31% of army), pawn (15% of army), blitz (8% of army).

HOW TO PLAY IT

Key timing: Fatboy to front by 5:02

  1. Open tidals and mex, add wind as usual Pond eco.
  2. Grab a heavy transport from air to fly it forward.
  3. Send Tech heavy metal and energy to buy a Fatboy.
  4. Get Fatboy handed over from Tech's factory for front.
  5. Fight in middle with Fatboy, then return to normal Tick and Pawn lab output.

Phase by phase

TYPICAL OF ITS 457 GAMES · AGAINST STANDARD POND
  1. 1
  2. 2
PLAY THE OPENING

Follow the example game's first 6:05 step by step: what to build now, what comes next, and where it goes. At 1× it keeps pace with your own game.

  1. 1

    Up to the Bot Lab

    Economy
    • Metal Extractor4Mex
    • Wind Turbine10Wind
    • Tidal Generator8Tidalfor allies
    • Tidal Generator1Tidal
    • Energy Converter2Converter
    • Energy Storage1Energy storage
    Order
    1. Bot LabBot Lab after 4 mex, 11 wind, 2 converterdone ~5:55, middle half 4:53–6:59

    The standard build makes here, this one skips: 2 con bot

    By 5:27 in all: 4 mex · 10 wind · 1 tidal · 2 converter · 1 energy storage

    The example game in this phase · 14 steps
    1. Tidal ×8for Suicide front
    2. Tidal ×3
    3. Mex ×2
    4. Energy storage
    5. Radar TowerRadar Tower
    6. Mex ×2
    7. Converter ×2
    8. Wind ×6
    9. Converter ×2
    10. Wind ×3
    11. Wind ×3for Air
    12. Converter ×2
    13. Wind ×6
    14. Bot LabBot Labdone 6:25 · typical 5:55
  2. 2

    Bot Lab to 10:00

    Economy
    • Wind Turbine7Wind−20 vs standard
    Builders
    • Construction Turret1 Con turret
    • Construction Bot2 Con bot +2 vs standard
    Army
    • Tick6 Tick +6 vs standard

    Some games also: Lazarus (45%) · converter (34%) · eat Bot Lab (37%)

    The standard build makes here, this one skips: 6 converter

    By 10:00 in all: 4 mex · 22 wind (standard 38) · 1 tidal · 4 converter (standard 9) · 1 energy storage · 2 con turret

    The example game in this phase · 142 steps
    1. Construction BotCon bot ×6
    2. TickTick ×23
    3. SentrySentry
    4. TickTick ×16
    5. Con turret
    6. TickTick ×2
    7. Con turret
    8. TickTick
    9. Advanced Metal ExtractorT2 mexdone 10:17 · typical 9:52
    10. TickTick ×2
    11. Wind
    12. TickTick
    13. Wind
    14. TickTick
    15. Wind ×2
    16. TickTick
    17. Wind ×2
    18. TickTick
    19. Wind
    20. TickTick
    21. Wind
    22. TickTick
    23. Wind
    24. TickTick
    25. Wind
    26. Advanced Metal ExtractorT2 mex
    27. TickTick
    28. Wind ×2
    29. TickTick
    30. Wind
    31. TickTick
    32. Wind
    33. TickTick
    34. Wind ×2
    35. TickTick ×3
    36. Advanced Metal ExtractorT2 mex
    37. TickTick ×11
    38. Wind
    39. TickTick
    40. Advanced Metal ExtractorT2 mex
    41. Wind
    42. TickTick ×2
    43. Wind
    44. TickTick ×2
    45. Wind
    46. TickTick
    47. Wind
    48. TickTick
    49. Wind
    50. TickTick
    51. Wind
    52. TickTick
    53. Wind
    54. TickTick
    55. Wind
    56. TickTick
    57. Wind
    58. TickTick
    59. Wind
    60. TickTick ×2
    61. Wind
    62. TickTick ×2
    63. Wind
    64. TickTick ×5
    65. Wind
    66. TickTick ×6
    67. Wind
    68. TickTick ×2
    69. Wind
    70. Construction BotCon bot ×3
    71. Converter
    72. CitadelAnti-nukenot finished by 15:00
    73. PawnPawn
    74. Wind
    75. PawnPawn
    76. Con turret
    77. PawnPawn
    78. Wind
    79. Con turret
    80. Converter
    81. PawnPawn
    82. Vehicle PlantVehicle Plantdone 13:45
    83. Wind
    84. PawnPawn
    85. Wind
    86. PawnPawn
    87. Converter
    88. PawnPawn
    89. Wind
    90. PawnPawn ×2
    91. BlitzBlitz
    92. PawnPawn
    93. Wind
    94. BlitzBlitz
    95. PawnPawn
    96. Wind
    97. BlitzBlitz
    98. PawnPawn
    99. BlitzBlitz
    100. Converter
    101. PawnPawn
    102. Wind
    103. BlitzBlitz
    104. PawnPawn
    105. Wind
    106. BlitzBlitz
    107. PawnPawn
    108. BlitzBlitz
    109. PawnPawn
    110. BlitzBlitz
    111. Wind
    112. PawnPawn
    113. Con turret
    114. Wind
    115. Converter
    116. PawnPawn
    117. BlitzBlitz
    118. Wind
    119. PawnPawn
    120. Wind
    121. BlitzBlitz
    122. PawnPawn
    123. BlitzBlitz
    124. PawnPawn
    125. Wind
    126. BlitzBlitz
    127. Converter
    128. PawnPawn
    129. Mex
    130. Wind ×2
    131. BlitzBlitz
    132. PawnPawn
    133. BlitzBlitz
    134. PawnPawn
    135. BlitzBlitz
    136. Wind
    137. PawnPawn
    138. Wind
    139. BlitzBlitz
    140. Wind
    141. PawnPawn
    142. BlitzBlitz

Counts are medians over the build's games: half of them build more, half fewer. The example game is NEXUS_VI's (33 OS, 28/09/2026); pick another.

Team trades

IN AT LEAST 30% OF ITS GAMES

You hand over

  • Tidal Generator8 Tidal to Suicide front or Frontfirst at 0:10 · in 97% of games

You get

  • Hephaestus1 Heavy transport from Air or Techfirst at 4:50 · in 82% of games
  • Fatboy1 Fatboy from Techfirst at 5:04 · in 100% of games
  • Advanced Construction Bot1 T2 con bot from Techfirst at 8:14 · in 96% of games

How it plays out

Typical game of this build against the role’s standard build, running totals by minute

  • This build
  • Standard pond

Metal produced

010k20k30k
0:005:0010:0015:00

metal

Enemy metal destroyed

02k4k6k
0:005:0010:0015:00

metal

Own metal lost

02k4k
0:005:0010:0015:00

metal

Metal sent to allies

01k2k
0:005:0010:0015:00

metal

Energy sent to allies

020k40k60k
0:005:0010:0015:00

metal

494 games.

Show as table
ByMetal produced: This buildMetal produced: Standard pondEnemy metal destroyed: This buildEnemy metal destroyed: Standard pondOwn metal lost: This buildOwn metal lost: Standard pondMetal sent to allies: This buildMetal sent to allies: Standard pondEnergy sent to allies: This buildEnergy sent to allies: Standard pond
1:0011511500000012911282
2:0026926800000026062781
3:0080979900000039864436
4:00148814730000404064756138
5:0022222185000011111131118989
6:0029792995000013892321827612657
7:0038143910360210014744372142815669
8:0047024948126017018911715674632425519216
9:0056626223205237946231616174682659021289
10:0067947705297461194555216514902925923110
11:00824296453532842145185517325183065026170
12:00991812052390411691872128917525243236327931
13:001215814538440215532329187618036263529330525
14:001450917427487721342914253518586653855631558
15:001707820188536925993479324919377084210232681
WHAT THE NUMBERS SAY

Same win rate as the standard build but destroys far more enemy metal by 15:00 at the cost of much higher own metal production lost.

  • + Destroys 5806 enemy metal by 15:00 vs 2962 standard.
  • + Reclaims Bot Lab in 39% of games to recoup metal.
  • − Own metal lost roughly doubles by 10:00 (988 vs 440).
  • − Metal production falls behind standard by 15:00 (17452 vs 20971).
THE EXAMPLE YOU ARE READING

NEXUS_VI

32.8 OS · 28/09/2026

Open source match ↗

4 received units · includes a constructor
809 metal received · 81597 energy received

Allied construction assistance is unknown. Timings are observations, not a promise of solo reproducibility.

Typical milestones

Bot Lab5:55Middle 50%: 4:53–6:59 · n=441
Advanced Metal Extractor9:52Middle 50%: 9:06–10:35 · n=467

Played most by

Teaner43games of this buildHummell20games of this buildDRM17games of this build_X_17games of this build[Grump]Grumpiness16games of this build